 Dungeon Crawl Stone Soup version 0.22.1-1-ga44c0e5 (webtiles) character file.

41 brandon the Magician (level 3, -1/20 HPs)
             Began as a Deep Elf Fire Elementalist on Oct 6, 2018.
             Slain by Natasha (10 damage)
             ... on level 2 of the Dungeon.
             The game lasted 00:02:21 (1119 turns).

brandon the Magician (Deep Elf Fire Elementalist)   Turns: 1119, Time: 00:02:22

Health: -1/20      AC:  3    Str:  5    XL:     3   Next: 32%
Magic:  4/10       EV: 13    Int: 20    God:
Gold:   59         SH:  0    Dex: 15    Spells: 4/10 levels left

rFire    . . .     SeeInvis .   e - +0 short sword
rCold    . . .     Gourm    .   (no shield)
rNeg     . . .     Faith    .   a - +0 robe
rPois    .         Spirit   .   (no helmet)
rElec    .         Reflect  .   (no cloak)
rCorr    .         Harm     .   (no gloves)
MR       .....                  d - +0 pair of boots
Stlth    ++........             (no amulet)
HPRegen  0.06/turn              (no ring)
MPRegen  0.12/turn              (no ring)

@: slowed, very slow
A: no striking features
a: no special abilities


You were on level 2 of the Dungeon.
You were not hungry.

You visited 1 branch of the dungeon, and saw 2 of its levels.

You collected 59 gold pieces.

Inventory:

Hand Weapons
 e - a +0 short sword (weapon)
Armour
 a - a +0 robe (worn)
 d - a +0 pair of boots (worn)
Scrolls
 g - a scroll of amnesia {unknown}
 i - a scroll of fog {unknown}
 j - 2 scrolls of immolation {unknown}
 k - a scroll of remove curse {unknown}
 m - a scroll of fear {unknown}
Potions
 b - 2 potions of mutation {unknown}
 h - a potion of brilliance {unknown}
 l - a potion of agility {unknown}
Comestibles
 c - 3 rations
 f - 5 chunks of flesh


   Skills:
 + Level 0.9 Fighting
 - Level 2.4 Dodging
 - Level 2.4 Stealth
 * Level 4.0 Spellcasting
 + Level 1.8 Conjurations
 + Level 3.6 Fire Magic


You had 4 spell levels left.
You knew the following spells:

 Your Spells              Type           Power        Failure   Level  Hunger
a - Flame Tongue          Conj/Fire      ###..        4%          1    None
b - Throw Flame           Conj/Fire      ###...       6%          2    #......
c - Conjure Flame         Conj/Fire      ###.....     12%         3    ###....

Your spell library contained the following spells:

 Spells                   Type           Power        Failure   Level  Hunger
 Inner Flame              Hex/Fire       ##......     19%         3    ###....
 Sticky Flame             Conj/Fire      ###.....     38%         4    ####...
 Fireball                 Conj/Fire      ###.......   75%         5    ######.


Dungeon Overview and Level Annotations

Branches:
Dungeon (2/15)

Altars:
Okawaru

Annotations:
D:2 Natasha


Message History

Confirm with . or Enter, or press ? or * to list all spells.
Aiming: Flame Tongue (safe; 4% risk of failure)
Press: ? - help, Shift-Dir - straight line, f/p - Natasha
Aim: Natasha (moderately wounded)
The flame tongue hits Natasha.
Natasha is severely wounded.
Natasha howls an incantation.
Natasha glows brightly for a moment.
Natasha stares at you and mumbles some strange words.
You feel yourself slow down.
Casting: Flame Tongue (safe; 4% risk of failure)
Confirm with . or Enter, or press ? or * to list all spells.
Aiming: Flame Tongue (safe; 4% risk of failure)
Press: ? - help, Shift-Dir - straight line, f/p - Natasha
Aim: Natasha (severely wounded)
The flame tongue hits Natasha.
Natasha is almost dead.
Natasha claws you!
Ouch! That really hurt!
You die...

#.......#
#.......#
#.......#
#.......#
#.......#
#.....(.#
#...h...#
##@.######
#.........
#...######
##..##
#...# ..
#...## ..
#....# #.
#.#..# .#
#.#..###
..


You could see Natasha.

Vanquished Creatures
  An adder (D:2)
  An ooze (D:2)
  A worm (D:2)
  2 dart slugs (D:1)
  A leopard gecko (D:2)
  2 giant cockroaches
  2 goblins
  4 jackals (D:2)
  2 bats (D:2)
  A frilled lizard (D:1)
  4 rats
21 creatures vanquished.

Notes
Turn   | Place    | Note
-------+----------+-------------------------------------------
     0 | D:1      | brandon the Deep Elf Fire Elementalist began the quest for
                  | the Orb.
     0 | D:1      | Reached XP level 1. HP: 10/10 MP: 6/6
   559 | D:1      | Reached XP level 2. HP: 16/16 MP: 5/8
   563 | D:1      | Learned a level 2 spell: Throw Flame
   656 | D:2      | Found an iron altar of Okawaru.
   843 | D:2      | Reached XP level 3. HP: 20/20 MP: 2/10
   855 | D:2      | Learned a level 3 spell: Conjure Flame
  1113 | D:2      | Reached skill level 4 in Spellcasting
  1114 | D:2      | Noticed Natasha
  1119 | D:2      | Slain by Natasha

Skill      XL: |  1  2  3 |
---------------+----------+-----
Spellcasting   | 4 |  4.0
Fighting       | |  0.9
Dodging        | |  2.4
Stealth        | |  2.4
Conjurations   | |  1.8
Fire Magic     | |  3.6

Action                   || total
-------------------------++-------
Melee: Short sword       ||     9
       Unarmed           ||     1
 Cast: Flame Tongue      ||    41
       Throw Flame       ||     6
  Eat: Chunk             ||     1
Armor: Robe              ||     4
Dodge: Dodged            ||    11
